 Dungeon Crawl Stone Soup version 0.30-a0-860-g512cf1e979 (webtiles) character file.

Game seed: 16363954747755574972

7350356 Selderis the Conqueror (level 27, 273/273 HPs)
             Began as a Minotaur Fighter on Mar 8, 2023.
             Was the Champion of Zin.
             Escaped with the Orb
             ... and 10 runes on Mar 9, 2023!
             The game lasted 05:27:52 (103540 turns).

Selderis the Conqueror (Minotaur Fighter)         Turns: 103540, Time: 05:27:53

Health: 273/273    AC: 47    Str: 38    XL:     27
Magic:  41/41      EV: 25    Int:  7    God:    Zin [******]
Gold:   8141       SH: 25    Dex: 16    Spells: 32/57 levels left

rFire   + + .      SeeInvis +    h - +8 sacred scourge (holy)
rCold   + + +      Faith    .    Y - +0 tower shield {AC+3}
rNeg    + . .      Spirit   .    q - +6 gold dragon scales
rPois   +          Reflect  .    O - +3 crown of Dyrovepreva {rElec Int+2 SInv}
rElec   +          Rampage  .    v - +1 cloak of Starlight {*Dazzle EV+4 Stlth--}
rCorr   +                        R - +1 pair of gloves of Kaerepp {Slay+2}
Will    +++..                    Z - +0 pair of boots of the Flute {Str+5} Stlth
                                 G - amulet "Gyhefusig" {rC++ rN+ Regen+}
HPRegen 1.45/turn                o - ring "Loroel" {rElec rPois rF+ Dex+4}
MPRegen 0.27/turn                I - ring "Epresa Meaj" {Will+ rCorr}

@: studying 7 skills
A: horns 2, retaliatory headbutt
0: Orb of Zot
}: 10/15 runes: serpentine, barnacled, slimy, silver, abyssal, demonic, glowing,
magical, fiery, dark
a: Renounce Religion, Recite, Vitalisation, Imprison, Sanctuary, Donate Gold


You escaped.
You worshipped Zin.
Zin was exalted by your worship.
You visited 18 branches of the dungeon, and saw 67 of its levels.
You visited Pandemonium 1 time, and saw 13 of its levels.
You visited the Abyss 13 times.
You also visited: Trove and Ice Cave.

You collected 11336 gold pieces.
You spent 2944 gold pieces at shops.
You donated 251 gold pieces to Zin.

Inventory:

Hand Weapons
 h - a +8 sacred scourge of holy wrath (weapon)
Missiles
 e - 10 throwing nets (quivered)
 k - 101 poisoned darts
Armour
 q - +6 gold dragon scales (worn)
 v - the +1 cloak of Starlight (worn) {*Dazzle EV+4 Stlth--}
   (You bought it in a shop on level 15 of the Dungeon)

   *Dazzle:   It may blind those who miss an attack against the wearer in melee
   combat.
   EV:        It affects your evasion (+4).
   Stlth:     It makes you much less stealthy.
 J - a scarf of repulsion
 O - the +3 crown of Dyrovepreva (worn) {rElec Int+2 SInv}
   (You found it on level 3 of the Shoals)

   Int:       It affects your intelligence (+2).
   rElec:     It insulates you from electricity.
   SInv:      It lets you see invisible.
 R - the +1 pair of gloves of Kaerepp (worn) {Slay+2}
   (You acquired it on level 4 of the Lair of Beasts)

   Slay:      It affects your accuracy & damage with ranged weapons and melee
   (+2).
 X - a +0 kite shield of reflection
 Y - a +0 tower shield of protection (worn)
 Z - the +0 pair of boots of the Flute (worn) {Str+5}
   (You found it on level 14 of the Dungeon)

   Str:       It affects your strength (+5).
Jewellery
 o - the ring "Loroel" (left hand) {rElec rPois rF+ Dex+4}
   (You bought it in a shop on level 1 of the Elven Halls)

   [ring of poison resistance]

   Dex:       It affects your dexterity (+4).
   rF:        It protects you from fire.
   rElec:     It insulates you from electricity.
   rPois:     It protects you from poison.
 u - a ring of protection from cold
 w - a ring of protection from fire
 C - an amulet of reflection
 G - the amulet "Gyhefusig" (around neck) {rC++ rN+ Regen+}
   (You bought it in a shop on level 1 of the Elven Halls)

   [amulet of regeneration]

   rC:        It greatly protects you from cold.
   rN:        It protects you from negative energy.
   Regen:     It increases your rate of health regeneration.
 I - the ring "Epresa Meaj" (right hand) {Will+ rCorr}
   (You took it off a vault guard on level 5 of the Vaults)

   [ring of resist corrosion]

   rCorr:     It protects you from acid and corrosion.
   Will:      It increases your willpower.
Wands
 c - a wand of paralysis (36)
 i - a wand of flame (53)
 r - a wand of mindburst (45)
 x - a wand of roots (65)
 z - a wand of quicksilver (33)
 K - a wand of digging (6)
Scrolls
 f - 3 scrolls of silence
 g - 2 scrolls of brand weapon
 m - 12 scrolls of fear
 n - 9 scrolls of fog
 s - 15 scrolls of teleportation
 t - 14 scrolls of amnesia
 y - 4 scrolls of magic mapping
 B - a scroll of blinking
 M - 5 scrolls of poison
 Q - 46 scrolls of identify
 U - 5 scrolls of butterflies
Potions
 a - 4 potions of berserk rage
 b - 6 potions of ambrosia
 d - 13 potions of might
 j - 21 potions of curing
 l - 14 potions of mutation
 p - 11 potions of brilliance
 D - 4 potions of cancellation
 E - 2 potions of invisibility
 L - 5 potions of magic
 N - 8 potions of heal wounds
 P - 16 potions of flight
 V - 7 potions of haste
 W - 5 potions of resistance
Miscellaneous
 A - a phantom mirror


   Skills:
 O Level 27 Fighting
 - Level 10.6(13.7) Axes
 - Level 14.0(15.3) Maces & Flails
 O Level 27 Armour
 O Level 27 Dodging
 O Level 27 Shields
 - Level 15.7 Spellcasting
 + Level 14.6 Conjurations
 + Level 14.6 Fire Magic
 O Level 27 Invocations


You had 32 spell levels left.
You knew the following spells:

 Your Spells              Type           Power      Damage    Failure   Level
a - Fire Storm            Conj/Fire      12%        8d3       100%        9
b - Polar Vortex          Ice            2%         N/A       100%        9
c - Blink                 Tloc           10%        N/A       47%         2
d - Passwall              Tmut/Erth      4%         N/A       47%         2
e - Swiftness             Air            5%         N/A       71%         3

Your spell library contained the following spells:

 Spells                   Type           Power      Damage    Failure   Level
 Foxfire                  Conj/Fire      100%       2x1d9     1%          1
 Kiss of Death            Conj/Necr      60%        2d10      1%          1
 Magic Dart               Conj           100%       1d8       1%          1
 Shock                    Conj/Air       60%        1d6       1%          1
 Scorch                   Fire           50%        2d8       1%          2
 Flame Wave               Conj/Fire      25%        2d8       1%          4
 Sticky Flame             Conj/Fire      25%        2d5       1%          4
 Static Discharge         Conj/Air       30%        2-4/arc   2%          2
 Fireball                 Conj/Fire      12%        3d7       2%          5
 Dazzling Flash           Conj/Hex       30%        N/A       5%          3
 Hailstorm                Conj/Ice       15%        3d5       5%          3
 Inner Flame              Hex/Fire       15%        N/A       5%          3
 Stone Arrow              Conj/Erth      30%        3d8       5%          3
 Ignite Poison            Fire/Tmut/Pois 12%        N/A       14%         3
 Kindle Blastsparks       Fire/Tloc/Air  24%        2d12      14%         3
 Mephitic Cloud           Conj/Pois/Air  12%        N/A       14%         3
 Starburst                Conj/Fire      12%        6d5       14%         6
 Fulminant Prism          Conj/Hex       7%         3d6       19%         4
 Iskenderun's Mystic Bla  Conj/Tloc      15%        2d5       19%         4
 Freeze                   Ice            20%        1d4       34%         1
 Sandblast                Erth           10%        2d5       34%         1
 Slow                     Hex            20%        N/A       34%         1
 Sting                    Tmut/Pois      20%        1d4       34%         1
 Summon Small Mammal      Summ           20%        N/A       34%         1
 Arcjolt                  Conj/Air       7%         1d17      45%         5
 Irradiate                Conj/Tmut      7%         3d14      45%         5
 Call Imp                 Summ           5%         N/A       47%         2
 Cigotuvi's Dreadful Rot  Necr/Pois/Air  10%        N/A       47%         2
 Ensorcelled Hibernation  Hex/Ice        10%        N/A       47%         2
 Lesser Beckoning         Tloc           10%        N/A       47%         2
 Poisonous Vapours        Pois/Air       10%        N/A       47%         2
 Confusing Touch          Hex            5%         N/A       71%         3
 Frozen Ramparts          Ice            10%        1d2       71%         3
 Gell's Gravitas          Tloc           5%         N/A       71%         3
 Ozocubu's Armour         Ice            5%         N/A       71%         3
 Portal Projectile        Hex/Tloc       10%        N/A       71%         3
 Summon Guardian Golem    Hex/Summ       5%         N/A       71%         3
 Tukima's Dance           Hex            5%         N/A       71%         3
 Vampiric Draining        Necr           5%         2d6       71%         3
 Vhi's Electric Charge    Tloc/Air       10%        N/A       71%         3
 Freezing Cloud           Conj/Ice/Air   6%         6-21      80%         5
 Airstrike                Air            2%         2d(1-17)  98%         4
 Animate Armour           Summ/Erth      10%        N/A       98%         4
 Cause Fear               Hex            2%         N/A       98%         4
 Dispel Undead            Necr           5%         3d7       98%         4
 Ice Form                 Ice/Tmut       5%         N/A       98%         4
 Manifold Assault         Tloc           5%         N/A       98%         4
 Passage of Golubria      Tloc           5%         N/A       98%         4
 Summon Ice Beast         Ice/Summ       5%         N/A       98%         4
 Summon Lightning Spire   Summ/Air       5%         N/A       98%         4
 Ignition                 Fire           12%        3d6       99%         8
 Agony                    Necr           5%         N/A       100%        5
 Blade Hands              Tmut           2%         N/A       100%        5
 Lee's Rapid Deconstruct  Erth           2%         3d5*      100%        5
 Metabolic Englaciation   Hex/Ice        2%         N/A       100%        5
 Summon Forest            Summ/Tloc      2%         N/A       100%        5
 Summon Mana Viper        Hex/Summ       5%         N/A       100%        5
 Yara's Violent Unravell  Hex/Tmut       2%         3d3       100%        5
 Dispersal                Tloc           2%         N/A       100%        6
 Simulacrum               Ice/Necr       2%         N/A       100%        6
 Statue Form              Tmut/Erth      3%         N/A       100%        6
 Summon Cactus Giant      Summ           2%         N/A       100%        6
 Dragon Form              Tmut           2%         N/A       100%        7
 Enfeeble                 Hex            2%         N/A       100%        7
 Haunt                    Necr/Summ      2%         N/A       100%        7
 Malign Gateway           Summ/Tloc      2%         N/A       100%        7
 Monstrous Menagerie      Summ           2%         N/A       100%        7
 Ozocubu's Refrigeration  Ice            2%         4d8       100%        7
 Storm Form               Tmut/Air       2%         N/A       100%        7
 Summon Hydra             Summ           2%         N/A       100%        7
 Discord                  Hex            2%         N/A       100%        8
 Disjunction              Tloc           2%         N/A       100%        8
 Lehudib's Crystal Spear  Conj/Erth      7%         10d3      100%        8
 Maxwell's Capacitive Co  Air            2%         ∞         100%        8
 Summon Horrible Things   Summ           2%         N/A       100%        8
 Dragon's Call            Summ           2%         N/A       100%        9


Dungeon Overview and Level Annotations

Branches:
Dungeon (15/15)            Temple (1/1) D:5            Lair (5/5) D:9
 Shoals (4/4) Lair:3        Snake (4/4) Lair:3        Slime (5/5) Lair:5
    Orc (2/2) D:11            Elf (3/3) Orc:2        Vaults (5/5) D:14
  Crypt (3/3) Vaults:3       Tomb (1/3) Crypt:3      Depths (4/4) D:15
   Hell (visited)             Dis (2/7) Hell            Geh (1/7) Hell
    Coc (5/7) Hell            Tar (1/7) Hell            Zot (5/5) Depths:4
  IceCv (visited)

Altars:
Ashenzari
Elyvilon
Fedhas
Gozag
Hepliaklqana
Kikubaaqudgha
Nemelex Xobeh
Okawaru
Ru
Sif Muna
Trog
Uskayaw
Vehumet
Wu Jian
Xom
Yredelemnul
Zin
The Shining One
Jiyva
Lugonu

Shops:
D:9 ?*   D:14 !   D:15 [   Orc:2 :*[(   Elf:1 =   Elf:3 (   Snake:1 (
Vaults:1 *   Vaults:5 ![   Depths:3 *

Portals:
Hell: Depths:1 Depths:2 Depths:3 Depths:4
Abyss: Depths:3 Depths:4
Pandemonium: Depths:2
Ziggurat: Depths:1

Annotations:
Elf:1 6 runed translucent doors
Elf:2 5 runed translucent doors
Elf:3 3 runed translucent doors, Lobster4's ghost, adept GnWn; themarg's ghost, adept MfSu
Zot:5 1 runed translucent door, Valamore's ghost, veteran DsBe


Innate Abilities, Weirdness & Mutations

You have a pair of horns on your head.
You reflexively headbutt those who attack you in melee.


Message History

You thrash the Orb Guardian!! You headbutt the Orb Guardian!
The Orb Guardian is heavily wounded.
The Orb Guardian hits you but does no damage.
You hit the Orb Guardian. Your headbutt misses the Orb Guardian.
The Orb Guardian is heavily wounded.
You block the Orb Guardian's attack.
You thrash the Orb Guardian!!
You headbutt the Orb Guardian, but do no damage.
The Orb Guardian is severely wounded.
You hit the Orb Guardian but do no damage.
You headbutt the Orb Guardian, but do no damage.
The Orb Guardian is severely wounded.
You block the Orb Guardian's attack.
You thrash the Orb Guardian!!
You kill the Orb Guardian!
No target in view!
There is an open door here.
There is an escape hatch in the ceiling here.
A mysterious force pulls you upwards. The hatch slams shut behind you.
There is a stone staircase leading up, spattered with blood here.
You climb upwards.
There is a stone staircase leading down here.
There is a stone staircase leading up here.
You climb upwards.
There is a stone staircase leading down here.
There is a stone staircase leading up here.
You climb upwards.
There is a stone staircase leading down here.
A hellwing comes into view.
You hit the hellwing but do no damage. You hit the hellwing.
The hellwing convulses.
You headbutt the hellwing, but do no damage.
The hellwing is lightly wounded.
You block the hellwing's attack. x2
You thrash the hellwing!!
The hellwing convulses!
You kill the hellwing!
No target in view!
There is a staircase leading out of the dungeon here.
You can't go down here!
You have escaped!

######......# #.#.##...#
#....#......# ###.##...#
##....#......# #.##...#
#........##### #.##...#
.......### ###.###).#
#.....#..## ##...# #...
..#####...# #########
#....####.# ###
#...###...8...###..........
#...##..8.@.8..##....####.#
#### #...#8.........8#....#
#.# ...#
#......8..(..8.......# #..
...# #...#8........^8#....#
##. ...#
#...##..8...8..##....# #.
...#
#...###...8...###....#####'
...# #...# #########
#....#≈...# #.## #..##
##...#≈...# #.# ####
###.#≈...#


There were no monsters in sight!

Vanquished Creatures
  Cerebov (Pan)
  the Royal Jelly (Slime:5)
  Ignacio (Pan)
  Lom Lobon (Pan)
  Mnoleg (Pan)
  3 dread liches
  8 ancient liches
  5 orbs of fire
  A juggernaut (Depths:3)
  Mara (Shoals:4)
  Mennas (Vaults:3)
  Sojobo (Crypt:2)
  Vv (Crypt:2)
  A shard shrike (Hell)
  4 Killer Klowns (Zot:5)
  Saint Roka (Snake:3)
  3 caustic shrikes (Depths:2)
  Geryon (Hell)
  5 curse toes
  14 golden dragons
  Nikola (Depths:2)
  2 profane servitors
  A pearl dragon (Abyss:4)
  14 bone dragons
  3 Tzitzimimeh (Pan)
  3 Brimstone Fiends (Pan)
  5 pandemonium lords
  3 hellephants
  7 doom hounds
  A walking crystal tome (Depths:3)
  6 electric golems
  A shard shrike zombie (Abyss:3)
  Jorgrun (Snake:1)
  2 Hell Sentinels
  Mlioglotl (Snake:1)
  7 Ice Fiends
  24 tentacled monstrosities
  A walking earthen tome (Abyss:4)
  Asterion (Snake:3)
  Grunn (Zot:2)
  27 Orb Guardians
  6 quicksilver dragons
  20 liches
  2 walking frostbound tomes (Depths:3)
  2 deep elf blademasters (Elf:3)
  A walking divine tome (Abyss:4)
  The ghost of SkeletonJelly the Warrior, an adept DsCK of Xom (Snake:3)
  8 ancient champions
  7 titans
  19 acid blobs
  2 krakens
  2 deep elf master archers
  10 death cobs
  23 Executioners
  8 sphinxes
  Kirke (Snake:4)
  Polyphemus (Shoals:4)
  50 tentacled starspawn
  Frances (Snake:1)
  5 shadow dragons
  13 storm dragons
  Roxanne (Shoals:2)
  16 tengu reavers
  A daeva (Abyss:4)
  9 draconian monks
  4 nagarajas
  5 demonspawn warmongers (Pan)
  Donald (Vaults:1)
  3 revenants
  14 azure jellies
  A draconian knight (Depths:4)
  10 frost giants
  4 narguns
  12 rockslimes
  4 deep elf elementalists
  23 balrugs
  An iron dragon (Depths:2)
  10 fire giants
  A quicksilver elemental (Abyss:7)
  11 vault wardens
  Louise (Elf:1)
  10 deep elf sorcerers
  2 orc warlords
  3 draconian stormcallers
  A ghost moth (Abyss:5)
  5 draconian shifters
  3 caustic shrike zombies
  2 shard shrike simulacra
  Aizul (Snake:1)
  27 cacodemons
  3 draconian annihilators
  9 war gargoyles
  2 curse skulls
  5 ghouls
  16 quicksilver oozes
  27 ironbound preservers
  6 spriggan defenders
  6 reapers
  3 draconian scorchers
  12 demonspawn blood saints
  3 caustic shrike skeletons
  An angel (Pan)
  4 demonspawn corrupters (Pan)
  15 stone giants
  11 vampire knights
  A starflower (Abyss:6)
  2 ophanim (Abyss:3)
  5 deep elf demonologists
  3 elemental wellsprings (Coc:4)
  62 very ugly things
  9 demonspawn black suns (Pan)
  9 ironbound thunderhulks
  14 lorocyprocas
  10 black draconians
  2 bunyips
  8 purple draconians
  The ghost of Veudom the Skirmisher, a journeyman BaHu of Makhleb (Lair:4)
  The ghost of Tewalifo the Skirmisher, a journeyman BaHu of Makhleb (Lair:4)
  The ghost of Tewalifo the Skirmisher, a journeyman BaHu of Makhleb (Lair:4)
  5 green draconians
  The ghost of Budy the Geomancer, a journeyman KoRe of Ignis (Lair:4)
  13 deep elf annihilators
  12 spark wasps
  5 dire elephants
  191 starcursed masses
  10 white draconians
  6 yellow draconians
  Azrael (Snake:2)
  2 pale draconians (Depths:4)
  6 wendigos
  2 crystal guardians
  9 red draconians
  5 green deaths
  6 eidola
  4 mummy priests
  25 blizzard demons
  8 deep elf death magi
  11 merfolk impalers
  16 ettins
  An entropy weaver (Abyss:3)
  An ettin (shapeshifter) (Vaults:5)
  8 deep elf high priests
  4 iron golems
  3 merfolk javelineers
  14 great orbs of eyes
  Josephine (Snake:1)
  A kraken zombie (Hell)
  18 yaktaur captains
  7 fire dragons
  The ghost of dracfodder the Thaumaturge, a journeyman GrEE of Vehumet (Lair:1)
  12 jiangshi
  A shambling mangrove (Abyss:3)
  8 hydras
  30 vault guards
  14 rakshasas
  6 juggernaut simulacra
  9 caustic shrike simulacra
  5 spriggan air magi
  4 peacekeepers
  4 ogre magi
  11 ice dragons
  11 ironbound frosthearts
  An anaconda (shapeshifter) (Depths:4)
  A hell beast (Pan)
  An alligator (shapeshifter) (Depths:3)
  2 spriggan skeletons
  Erica (D:11)
  2 alligator snapping turtles
  4 salamander tyrants
  2 merfolk aquamancers (Shoals:4)
  10 anacondas
  9 centaur warriors
  4 death knights
  7 boulder beetles
  5 catoblepae
  7 death scarabs (Tomb:1)
  A fenstrider witch skeleton (Pan)
  2 satyrs
  7 vampire magi
  A death yak (shapeshifter) (Vaults:5)
  5 deep troll shamans
  5 merfolk avatars
  13 death yaks
  9 two-headed ogres
  Urug (Orc:2)
  27 hell hogs
  89 thrashing horrors
  9 deep troll earth magi
  18 naga warriors
  12 dancing weapons
  6 tengu warriors
  10 shock serpents
  10 spriggan berserkers
  22 soul eaters
  A titan zombie (Depths:1)
  Sonja (D:13)
  4 orc high priests
  A crystal echidna (Hell)
  20 naga sharpshooters
  46 sun demons
  Nergalle (D:10)
  33 hell knights
  9 skysharks
  10 iron trolls
  5 salamander mystics
  A fire crab (shapeshifter) (D:15)
  30 skeletal warriors
  8 deep elf knights
  48 wretched stars
  The ghost of jasper the Cleaver, a novice DsFi of Yredelemnul (D:9)
  A fire crab (Lair:5)
  36 sixfirhies
  A bunyip zombie (Crypt:3)
  4 spatial maelstroms (Abyss:4)
  8 shadow demons
  9 sea snakes
  2 orb spiders (shapeshifter) (Vaults:5)
  16 shadow wraiths
  The ghost of relicbr the Covert, a novice SpDe of Okawaru (D:8)
  13 flayed ghosts
  A death drake (Abyss:4)
  4 swamp dragons
  2 cherubim
  9 deep elf archers
  14 glowing orange brains
  14 wizards
  99 deep trolls
  2 quicksilver dragon simulacra
  14 phantasmal warriors
  A broodmother zombie (Crypt:1)
  11 ironbound convokers
  19 lindwurms
  5 spriggan simulacra
  30 harpies
  11 orc knights
  7 naga ritualists
  Pikel (D:4)
  16 deep elf pyromancers
  An anaconda skeleton (Crypt:3)
  A wolf spider zombie (D:8)
  13 deep elf zephyrmancers
  An iron dragon zombie (Crypt:3)
  3 oklob plants (Lair:5)
  5 orange crystal statues
  2 tengu skeletons
  15 necromancers
  The ghost of relicbr the Covert, a novice SpDe (D:6)
  A mana viper (shapeshifter) (Vaults:3)
  A jorogumo zombie (Crypt:2)
  7 orc sorcerers
  59 ugly things
  A cyclops (shapeshifter) (Depths:3)
  13 manticores
  A fire giant zombie (Depths:1)
  159 large abominations
  11 mana vipers
  4 shining eyes
  2 shadow dragon skeletons
  8 will-o-the-wisps
  8 cyclopes
  A manticore (shapeshifter) (Abyss:4)
  2 fauns (Shoals:2)
  13 worldbinders
  18 salamanders
  2 sphinx skeletons
  25 moths of wrath
  3 guardian serpents
  37 black mambas
  11 demonic crawlers (Pan)
  A goliath frog skeleton (Crypt:2)
  6 elephants (Lair:4)
  3 eyes of devastation
  16 naga magi
  58 smoke demons
  16 vault sentinels
  A frost giant skeleton (Depths:2)
  A guardian serpent (shapeshifter) (Abyss:3)
  8 ice statues
  5 rust devils
  9 water nymphs
  10 apocalypse crabs
  7 merfolk sirens
  2 molten gargoyles (Hell)
  2 centaur skeletons (D:8)
  A cane toad (shapeshifter) (Vaults:5)
  25 orange demons
  12 cane toads
  A dire elephant skeleton (Pan)
  18 freezing wraiths
  A storm dragon simulacrum (Coc:1)
  A torpor snail (Lair:4)
  5 unseen horrors
  2 rime drakes
  5 kobold demonologists
  A sea snake zombie (Crypt:1)
  5 ice devils (Pan)
  5 tormentors
  A redback zombie (D:8)
  4 anaconda simulacra
  2 bunyip simulacra
  7 hellions
  46 yaktaurs
  13 komodo dragons
  2 sea snake skeletons (Hell)
  12 efreet
  A purple draconian skeleton (Crypt:2)
  6 tengu conjurers
  An iron giant simulacrum (Coc:3)
  2 hydra zombies (Hell)
  12 red devils
  A golden dragon simulacrum (Coc:4)
  17 merfolk
  8 trolls
  3 guardian mummies (Tomb:1)
  47 ancient zymes
  22 hellwings
  A polar bear (shapeshifter) (Elf:1)
  2 polar bears
  A death drake skeleton (Crypt:3)
  A death drake zombie (Crypt:1)
  A tyrant leech (Abyss:4)
  14 snapping turtles
  An alligator zombie (Hell)
  11 wind drakes
  22 blink frogs
  A tengu simulacrum (Depths:2)
  5 hornets
  3 hydra skeletons
  2 iron dragon simulacra
  3 harpy skeletons
  118 raiju
  4 dream sheep (Shoals:4)
  126 slime creatures
  2 stone giant simulacra
  20 flying skulls
  Sigmund (D:3)
  An ettin zombie (Abyss:3)
  A culicivora (shapeshifter) (Vaults:4)
  41 ynoxinuls
  A satyr skeleton (Crypt:1)
  5 spriggans
  3 shadows
  12 air elementals
  A centaur simulacrum (Coc:2)
  An alligator skeleton (Hell)
  17 wraiths
  3 naga simulacra
  22 water elementals
  5 fire bats (Abyss:3)
  7 vampires
  4 fire elementals
  65 yaks
  4 wyverns
  6 dire elephant simulacra
  2 humans (shapeshifter)
  3 hogs (Snake:4)
  9 basilisks
  13 golden eyes
  8 vampire mosquitoes
  2 steam dragons (Depths:4)
  A minotaur simulacrum (Coc:1)
  A wind drake skeleton (Crypt:1)
  3 wargs
  30 chaos spawn
  46 neqoxecs
  An ogre zombie (Vaults:5)
  2 naga zombies
  39 nagas
  7 harpy simulacra
  10 spatial vortices
  An acid dragon (D:8)
  29 hell hounds
  2 sky beasts (D:6)
  A deep troll skeleton (Crypt:1)
  10 water moccasins
  A floating eye (shapeshifter) (Vaults:5)
  60 small abominations
  A hornet zombie (D:8)
  5 great orb of eyes simulacra (IceCv)
  10 ice beasts
  4 black bears
  46 orc warriors
  3 ettin simulacra
  A fire dragon simulacrum (Coc:1)
  9 ogres
  2 boggarts (Depths:3)
  A blink frog zombie (Crypt:3)
  2 lemures (D:4)
  5 centaurs
  A snapping turtle skeleton (Crypt:1)
  A blink frog skeleton (Crypt:2)
  3 slime creature simulacra (IceCv)
  A human skeleton (Vaults:5)
  15 wolves
  2 phantoms
  14 bullfrogs
  A gnoll sergeant (Orc:1)
  2 necrophages
  5 kobold brigands
  3 earth elementals
  2 scorpions
  5 wights (D:8)
  3 glowing shapeshifter simulacra (IceCv)
  A yak zombie (Crypt:3)
  8 killer bees (D:8)
  A spriggan zombie (Crypt:3)
  3 electric eels
  A wolf zombie (Crypt:2)
  A wolf skeleton (Crypt:2)
  8 crimson imps (Pan)
  7 quasits
  A gnoll bouda (D:9)
  25 orc priests
  Crazy Yiuf (D:7)
  A jelly (Abyss:4)
  4 hounds (D:5)
  5 iron imps
  2 sleepcaps
  Jessica (D:3)
  2 iguanas (D:4)
  A basilisk skeleton (Crypt:3)
  A boggart zombie (D:8)
  Ijyb (D:5)
  29 orc wizards
  A mummy (Tomb:1)
  4 gnolls (D:9)
  A howler monkey skeleton (Crypt:2)
  4 adders
  11 shadow imps
  12 white imps
  11 ufetubi
  2 dart slugs
  4 worms
  63 orcs
  6 ball pythons
  4 bats
  5 endoplasms
  2 giant cockroaches (D:1)
  A gnoll skeleton (Crypt:3)
  4 goblins
  6 hobgoblins
  2 quokkas (D:4)
  A river rat zombie (Crypt:3)
  A ball python skeleton (Crypt:2)
  A dart slug zombie (Crypt:1)
  A frilled lizard (shapeshifter) (Vaults:5)
  2 frilled lizards (D:3)
  17 kobolds
  3 rats
  5 fire vortices (Pan)
  5 lurking horrors
  6 pillars of salt
  44 starspawn tentacles
  8 tentacles
4341 creatures vanquished.

Vanquished Creatures (others)
  A dread lich (Abyss:4)
  A Tzitzimitl (Pan)
  An Orb Guardian (Depths:4)
  A tentacled starspawn (Abyss:6)
  A balrug (Pan)
  A deep elf elementalist (Elf:3)
  A thrashing horror (Abyss:6)
  2 spriggan berserkers (Elf:3)
  A sixfirhy (Abyss:6)
  A deep elf knight (Elf:3)
  A glowing orange brain (Pan)
  A phantasmal warrior (Vaults:5)
  3 deep elf pyromancers
  A deep elf zephyrmancer (Elf:2)
  A harpy (Vaults:1)
  A necromancer (Depths:4)
  A water nymph (Shoals:4)
  2 iron giant simulacra (Coc:4)
  2 raiju (Abyss:4)
  A blink frog (Lair:5)
  A slime creature (IceCv)
  An air elemental (Elf:3)
  A dire elephant simulacrum (Coc:2)
  A water elemental (Elf:2)
  A steam dragon (Depths:4)
  A harpy simulacrum (Abyss:4)
  A large abomination (Abyss:4)
  A naga (Snake:3)
  An ettin simulacrum (Coc:4)
  2 orc warriors (Vaults:5)
  A centaur (D:15)
  3 small abominations
  A quasit (Abyss:4)
  An iron imp (Abyss:4)
  A white imp (Abyss:4)
  3 orcs
  6 ball lightnings (Pan)
  2 bushes (Abyss:3)
  7 demonic plants
  A fire vortex (Pan)
  39 foxfires
  21 fungi
  4 lurking horrors
  110 pillars of salt
  34 plants
  120 starspawn tentacles
  11 tentacles
  29 withered plants
430 creatures vanquished.

Grand Total: 4771 creatures vanquished

Notes
Turn   | Place    | Note
-------+----------+-------------------------------------------
     0 | D:1      | Selderis the Minotaur Fighter began the quest for the Orb.
     0 | D:1      | Reached XP level 1. HP: 19/19 MP: 0/0
   283 | D:1      | Reached XP level 2. HP: 27/27 MP: 1/1
   504 | D:1      | Reached skill level 1 in Dodging
   736 | D:2      | Found a faded altar of an unknown god.
  1347 | D:2      | Reached XP level 3. HP: 33/33 MP: 2/2
  1467 | D:3      | Noticed Jessica
  1473 | D:3      | Killed Jessica
  1508 | D:3      | Noticed Sigmund
  1561 | D:4      | Reached XP level 4. HP: 41/41 MP: 3/3
  1573 | D:4      | Reached XP level 5. HP: 17/47 MP: 4/4
  1877 | D:4      | Noticed a phantom
  1891 | D:4      | Killed a phantom
  1892 | D:4      | Reached skill level 5 in Fighting
  1892 | D:4      | Reached skill level 5 in Armour
  1960 | D:4      | Reached XP level 6. HP: 51/56 MP: 5/5
  2020 | D:4      | Noticed Pikel
  2084 | D:4      | Killed Pikel
  2085 | D:4      | Reached skill level 5 in Maces & Flails
  2085 | D:4      | Reached XP level 7. HP: 25/63 MP: 6/6
  2401 | D:5      | Entered Level 5 of the Dungeon
  2401 | D:5      | Noticed Ijyb
  2496 | D:5      | Killed Ijyb
  2712 | D:5      | Identified the -2 pair of gloves "Codarutt" {rElec rC+
                  | Will- Int+3}
  2756 | D:5      | Reached XP level 8. HP: 71/71 MP: 7/7
  2867 | D:5      | Found a staircase to the Ecumenical Temple.
  2879 | Temple   | Entered the Ecumenical Temple
  3030 | Temple   | Became a worshipper of the Shining One
  3373 | D:4      | Reached skill level 5 in Dodging
  3516 | D:3      | Killed Sigmund
  3728 | D:3      | Identified the +1 sling of Triumph {drain, rN++ Dex-3}
  4269 | D:6      | Found a runed translucent door.
  4315 | D:6      | Found a runed translucent door.
  4316 | D:6      | Noticed relicbr's ghost (novice SpDe)
  4435 | D:6      | Reached XP level 9. HP: 51/81 MP: 8/8
  4644 | D:6      | Reached * piety under the Shining One
  5088 | D:7      | Reached ** piety under the Shining One
  5245 | D:7      | Identified the +8 short sword of Veemufyh {flame, Fragile
                  | rC+ Str+6 Int+3}
  5260 | D:7      | Found a runed translucent door.
  5261 | D:7      | Noticed Crazy Yiuf
  5482 | D:7      | Killed Crazy Yiuf
  5545 | D:8      | Found an opulent altar of Gozag.
  5561 | D:8      | Found a blossoming altar of Fedhas.
  5574 | D:8      | Found a transporter.
  5574 | D:8      | Found a transporter.
  5722 | D:8      | Noticed an ice statue
  5722 | D:8      | Noticed a cyclops
  5724 | D:8      | Noticed relicbr's ghost (novice SpDe)
  5830 | D:8      | Noticed a hellwing
  5887 | D:8      | Killed a hellwing
  6054 | D:8      | Noticed a hellwing
  6074 | D:8      | Reached *** piety under the Shining One
  6075 | D:8      | Reached XP level 10. HP: 75/91 MP: 9/9
  6587 | D:8      | Reached skill level 10 in Fighting
  6587 | D:8      | Reached skill level 10 in Armour
  6925 | D:9      | Reached skill level 10 in Maces & Flails
  6969 | D:9      | Found a staircase to the Lair.
  6969 | D:9      | Noticed a cyclops
  6990 | D:9      | Killed a cyclops
  7201 | D:9      | Found a runed translucent door.
  7204 | D:9      | Noticed jasper's ghost (novice DsFi)
  7302 | D:9      | Reached XP level 11. HP: 101/101 MP: 10/10
  7347 | D:9      | Found Coitir's CLEARANCE SALE!.
  7405 | D:9      | Found Rerhamal's Magic Scroll Boutique.
  7584 | D:10     | Entered Level 10 of the Dungeon
  7584 | D:10     | Noticed a two-headed ogre
  7592 | D:9      | Killed a two-headed ogre
  7669 | D:10     | Noticed Nergalle
  7678 | D:10     | Killed Nergalle
  7802 | D:10     | Reached **** piety under the Shining One
  8686 | D:11     | Noticed a two-headed ogre
  8707 | D:11     | Killed a two-headed ogre
  8708 | D:11     | Reached skill level 10 in Dodging
  8838 | D:11     | Found a staircase to the Orcish Mines.
  9302 | D:11     | Noticed an orange crystal statue
  9634 | D:11     | Found a white marble altar of Elyvilon.
 10830 | D:12     | Identified 3 scrolls of acquirement
 10830 | D:12     | Acquired a +0 morningstar of flaming
 10831 | D:12     | Acquired a scarf of repulsion
 10832 | D:12     | Acquired a manual of Fighting
 10856 | D:13     | Noticed a skeletal warrior
 10857 | D:13     | Noticed a skeletal warrior
 10888 | D:12     | Killed a skeletal warrior
 10889 | D:12     | Reached XP level 12. HP: 57/113 MP: 11/11
 11205 | D:12     | Acquired a manual of Dodging
 11291 | D:13     | Noticed a centaur warrior
 11305 | D:13     | Killed a centaur warrior
 11773 | D:13     | Noticed Sonja
 11793 | D:13     | Killed Sonja
 12158 | D:13     | Reached ***** piety under the Shining One
 12398 | D:13     | Noticed a white very ugly thing
 12620 | Lair:1   | Entered Level 1 of the Lair of Beasts
 12836 | Lair:1   | Noticed a boulder beetle
 13523 | Lair:1   | Killed a boulder beetle
 13586 | Lair:1   | Found a runed translucent door.
 13594 | Lair:1   | Noticed dracfodder's ghost (journeyman GrEE)
 13886 | Lair:2   | Reached skill level 15 in Fighting
 13891 | Lair:2   | Reached XP level 13. HP: 115/126 MP: 12/12
 15521 | Lair:3   | Found a staircase to the Shoals.
 16011 | Lair:3   | Reached skill level 15 in Dodging
 16082 | Lair:3   | Found a staircase to the Snake Pit.
 16602 | Lair:4   | Reached skill level 15 in Armour
 17191 | Lair:4   | Found a runed translucent gate.
 17191 | Lair:4   | Found a runed translucent gate.
 17191 | Lair:4   | Found a runed translucent gate.
 17191 | Lair:4   | Noticed Tewalifo's ghost (journeyman BaHu)
 17191 | Lair:4   | Noticed Veudom's ghost (journeyman BaHu)
 17192 | Lair:4   | Noticed Tewalifo's ghost (journeyman BaHu)
 17192 | Lair:4   | Noticed Budy's ghost (journeyman KoRe)
 17193 | Lair:4   | Found the ring of the Octopus King
 17339 | Lair:4   | Reached XP level 14. HP: 102/141 MP: 13/13
 18045 | Lair:4   | Acquired the +1 pair of gloves of Kaerepp {Slay+2}
 18059 | Lair:5   | Entered Level 5 of the Lair of Beasts
 19116 | Lair:5   | Found a viscous altar of Jiyva.
 19244 | Lair:5   | Reached skill level 1 in Invocations
 20489 | Orc:1    | Entered Level 1 of the Orcish Mines
 20917 | Orc:1    | Noticed Erica
 21019 | D:11     | Killed Erica
 21164 | Orc:1    | Reached ****** piety under the Shining One
 21460 | Orc:2    | Entered Level 2 of the Orcish Mines
 21734 | Orc:2    | Reached XP level 15. HP: 155/155 MP: 17/17
 22305 | Orc:2    | Found a staircase to the Elven Halls.
 22423 | Orc:2    | Noticed Urug
 22458 | Orc:2    | Killed Urug
 23009 | Orc:2    | Found Ogrekulu's General Store.
 23152 | Orc:2    | Found Puhuvecu's Antique Armour Boutique.
 23349 | Orc:2    | Found Bevefeabi's Antique Weapon Boutique.
 23355 | Orc:2    | Bought a masterwork hand axe for 176 gold pieces
 23355 | Orc:2    | Identified the +8 hand axe of Fate {spect, +Blink Str+2
                  | Int+2} (You bought it in a shop on level 2 of the Orcish
                  | Mines)
 23364 | Orc:2    | Found Voohued's Book Boutique.
 24241 | D:14     | Found a sacrificial altar of Ru.
 24261 | D:14     | Identified the +0 pair of boots of the Flute {Str+5}
 24300 | D:14     | Reached skill level 1 in Axes
 24384 | D:14     | Found Faalutix's Distillery.
 24401 | D:14     | Reached skill level 5 in Invocations
 24542 | D:14     | Found a gate to the Vaults.
 24964 | D:15     | Entered Level 15 of the Dungeon
 25178 | D:15     | Noticed a frost giant
 25220 | D:15     | Found Rycrynasch's Armour Shoppe.
 25320 | D:15     | Bought the +1 cloak of Starlight {*Dazzle EV+4 Stlth--} for
                  | 427 gold pieces
 25320 | D:15     | Found the +1 cloak of Starlight {*Dazzle EV+4 Stlth--}
 25817 | D:15     | Killed a frost giant
 26205 | D:15     | Found a staircase to the Depths.
 26216 | Depths:1 | Entered Level 1 of the Depths
 26745 | Snake:1  | Entered Level 1 of the Snake Pit
 26771 | Snake:1  | Found a hazy altar of Hepliaklqana.
 26804 | Snake:1  | Reached skill level 5 in Axes
 26988 | Snake:1  | Noticed Aizul
 27005 | Snake:1  | Killed Aizul
 27265 | Snake:1  | Found a frozen archway.
 27286 | IceCv    | Entered an ice cave
 27428 | IceCv    | Reached XP level 16. HP: 165/165 MP: 20/20
 28083 | IceCv    | Found a viscous altar of Jiyva.
 28549 | IceCv    | Got the ring "Pukak" {Ice Will+}
 28552 | IceCv    | Identified the +1 ring mail "Aqunt" {rC+ Str+2 Dex-5}
 28680 | Snake:1  | Noticed Jorgrun
 28694 | Snake:1  | Noticed Frances
 28695 | Snake:1  | Killed Jorgrun
 28696 | Snake:1  | Reached skill level 5 in Shields
 28707 | Snake:1  | Killed Frances
 28795 | Snake:1  | Noticed Josephine
 28796 | Snake:1  | Noticed Mlioglotl
 28816 | Snake:1  | Killed Josephine
 28896 | Snake:1  | Found Wepioh's Weapon Boutique.
 29452 | Snake:1  | Killed Mlioglotl
 31877 | Snake:3  | Noticed Azrael
 31908 | Snake:2  | Killed Azrael
 32196 | Snake:3  | Reached XP level 17. HP: 168/173 MP: 22/22
 33108 | Snake:3  | Found a transporter.
 33111 | Snake:3  | Noticed SkeletonJelly's ghost (adept DsCK)
 33126 | Snake:3  | Found a transporter.
 33392 | Snake:4  | Entered Level 4 of the Snake Pit
 33535 | Snake:4  | Noticed Saint Roka
 33557 | Snake:3  | Killed Saint Roka
 33807 | Snake:4  | Noticed Asterion
 33831 | Snake:3  | Killed Asterion
 34022 | Snake:4  | Noticed Kirke
 34030 | Snake:4  | Killed Kirke
 34420 | Snake:4  | Reached skill level 10 in Axes
 35106 | Snake:4  | Got a serpentine rune of Zot
 35351 | Snake:4  | Found a glowing silver altar of Zin.
 36038 | D:15     | Reached skill level 10 in Shields
 36200 | Depths:1 | Found an opulent altar of Gozag.
 36251 | D:15     | Identified a +2 sacred scourge of holy wrath (a +0 demon
                  | whip of draining blessed by the Shining One)
 36251 | D:15     | Received a gift from the Shining One
 36349 | Depths:1 | Identified the +0 leather armour "Fagokaemp" {Will+ MP+9}
 36360 | Depths:1 | Found a gateway to Hell.
 36662 | Depths:1 | Reached XP level 18. HP: 168/185 MP: 23/23
 37271 | Depths:1 | Identified the +0 leather armour of Time Monsters {Harm
                  | Str+2}
 37272 | Depths:1 | Noticed an ancient lich
 37656 | Vaults:1 | Entered Level 1 of the Vaults
 40038 | Snake:4  | Fell from the grace of the Shining One
 40038 | Snake:4  | Became a worshipper of Zin the Law-Giver
 40038 | Snake:4  | Reached * piety under Zin
 40038 | Snake:4  | Reached ** piety under Zin
 40038 | Snake:4  | Reached *** piety under Zin
 40038 | Snake:4  | Reached **** piety under Zin
 40038 | Snake:4  | Reached ***** piety under Zin
 40606 | Vaults:1 | Noticed Donald
 40620 | Vaults:1 | Killed Donald
 40658 | Vaults:1 | Found Zadasm's Assorted Antiques.
 41140 | Vaults:2 | Reached XP level 19. HP: 183/195 MP: 24/24
 42110 | Depths:1 | Identified the +10 mace of Punishment {flame, Dex+4}
 42223 | Depths:1 | Found a sparkling altar of Nemelex Xobeh.
 42571 | Depths:1 | Noticed an ancient lich
 42572 | Depths:1 | Found a one-way gateway to a ziggurat.
 43144 | Depths:2 | Noticed Nikola
 43168 | Depths:2 | Killed Nikola
 43305 | Depths:1 | Paralysed by a hornet for 3 turns
 44544 | Depths:1 | Reached skill level 10 in Invocations
 45014 | Depths:2 | Found a one-way gate leading to the halls of Pandemonium.
 45240 | Depths:1 | Reached ****** piety under Zin
 45421 | Elf:1    | Entered Level 1 of the Elven Halls
 45589 | Elf:1    | Noticed Louise
 45597 | Abyss:3  | Cast into level 3 of the Abyss (Louise)
 45653 | Abyss:3  | Found a corrupted altar of Lugonu.
 45695 | Abyss:3  | Noticed a bone dragon
 45708 | Abyss:3  | Killed a bone dragon
 46572 | Elf:1    | Escaped the Abyss
 46590 | Elf:1    | Killed Louise
 46717 | Elf:1    | Found Udghocs's Jewellery Boutique.
 46724 | Elf:1    | Bought the ring "Loroel" {rElec rPois rF+ Dex+4} for 790
                  | gold pieces
 46724 | Elf:1    | Bought the amulet "Gyhefusig" {rC++ rN+ Regen+} for 939
                  | gold pieces
 46928 | Elf:1    | Reached XP level 20. HP: 140/206 MP: 27/27
 47185 | Elf:1    | Paralysed by an air elemental for 1 turns
 47556 | Elf:1    | Found a runed translucent gate.
 47556 | Elf:1    | Found a runed translucent gate.
 47556 | Elf:1    | Found a runed translucent gate.
 47556 | Elf:1    | Found a runed translucent gate.
 47556 | Elf:1    | Found a runed translucent gate.
 47558 | Elf:1    | Found a runed translucent gate.
 47579 | Elf:2    | Identified the +0 long sword of Wyrd {holy, Str+4}
 47826 | Elf:2    | Found a huge runed translucent gate.
 47826 | Elf:2    | Found a huge runed translucent gate.
 47836 | Elf:2    | Found a huge runed translucent gate.
 47838 | Elf:2    | Found a huge runed translucent gate.
 47838 | Elf:2    | Found a huge runed translucent gate.
 48294 | Elf:3    | Entered Level 3 of the Elven Halls
 48347 | Elf:3    | Found a runed translucent gate.
 48347 | Elf:3    | Found a runed translucent gate.
 48347 | Elf:3    | Found a runed translucent gate.
 48348 | Elf:3    | Noticed Lobster4's ghost (adept GnWn)
 48349 | Elf:3    | Noticed themarg's ghost (adept MfSu)
 48422 | Elf:3    | Found Qala's Antique Weapon Emporium.
 48648 | Elf:3    | Paralysed by an air elemental for 1 turns
 48725 | Elf:3    | Found a bloodstained altar of Trog.
 49016 | Elf:3    | Found a portal to a secret trove of treasure.
 49410 | Shoals:1 | Entered Level 1 of the Shoals
 50466 | Depths:2 | Identified the +6 plate armour of the Devil's Advocate
                  | {+Inv Will- Dex+9}
 51307 | Shoals:2 | Reached skill level 15 in Shields
 51388 | Shoals:2 | Identified Roxanne's Atlas of Transmogrification
 51388 | Shoals:2 | Noticed Roxanne
 52050 | Shoals:3 | Found the +3 crown of Dyrovepreva {rElec Int+2 SInv}
 52631 | Shoals:4 | Entered Level 4 of the Shoals
 52748 | Shoals:4 | Paralysed by an air elemental for 1 turns
 53122 | Shoals:4 | Reached XP level 21. HP: 207/215 MP: 29/29
 53228 | Shoals:4 | Paralysed by an air elemental for 1 turns
 53246 | Shoals:4 | Noticed Mara
 53262 | Shoals:4 | Noticed Selderis's illusion
 53657 | Shoals:4 | Got a barnacled rune of Zot
 53658 | Shoals:4 | Identified the +9 sling of Etijeh {elec, Will++ Dex+4}
 53713 | Shoals:4 | Noticed Polyphemus
 53723 | Shoals:4 | Killed Mara
 53731 | Shoals:4 | Killed Polyphemus
 53765 | Shoals:4 | Paralysed by an air elemental for 1 turns
 54144 | D:6      | Killed relicbr's ghost
 54229 | D:8      | Killed relicbr's ghost
 54274 | D:8      | Identified the ring "Fony" {rPois rN+ MP+9}
 54341 | D:9      | Killed jasper's ghost
 54406 | Lair:1   | Killed dracfodder's ghost
 54516 | Lair:4   | Killed Budy's ghost
 54520 | Lair:4   | Killed Tewalifo's ghost
 54526 | Lair:4   | Killed Veudom's ghost
 54537 | Lair:4   | Killed Tewalifo's ghost
 54554 | Lair:4   | Identified a ring of the Octopus King {HP+2 MP+9 AC+2 EV+2
                  | SH+2}
 54568 | Lair:4   | Got the Collected Works on Flaming Inhalation
 55261 | Elf:3    | Identified the +5 scimitar of a sewer {antimagic, Str+2
                  | Int+3}
 55626 | Elf:3    | Identified the +12 quarterstaff of Gosonnik {holy, rF+
                  | Str+3 Stlth+}
 55626 | Elf:3    | Identified the ring of Limitation {Fly Int+6}
 55754 | Elf:3    | Identified the +1 leather armour "Pivueteno" {*Corrode +Inv
                  | rF+ Will++}
 55790 | Elf:3    | Got the Dissertation on Numb Convocation
 55801 | Elf:3    | Found the +3 salamander hide armour {Flames, rFlCloud rF++
                  | rC--}
 55805 | Elf:3    | Identified the +2 plate armour of the Forest {rF+ rC+ Str-4
                  | Int+4}
 55838 | Elf:3    | Identified the +3 pair of gloves of the Dice {Fly Will-
                  | Dex-5 Slay+5}
 55844 | Elf:3    | Identified the +11 great mace of Dissolution {freeze,
                  | Dex+2}
 57428 | Depths:2 | Identified the +0 longbow of a bailey {heavy, Str-5 Int+4
                  | Dex+3}
 57630 | Depths:3 | Noticed a caustic shrike
 57630 | Depths:3 | Noticed a caustic shrike
 57630 | Depths:3 | Noticed a caustic shrike
 57642 | Depths:2 | Killed a caustic shrike
 57654 | Depths:2 | Killed a caustic shrike
 57758 | Depths:2 | Killed a caustic shrike
 57832 | Depths:3 | Found a corrupted altar of Lugonu.
 57833 | Depths:3 | Found a one-way gate to the infinite horrors of the Abyss.
 58296 | Depths:3 | Found a shimmering blue altar of Sif Muna.
 58446 | Depths:3 | Identified the amulet "Hagh" {RegenMP rF+}
 58449 | Depths:3 | Got the Disquisition on the Band
 58714 | Depths:3 | Found Tepeoh's General Store.
 58924 | Depths:3 | Noticed a golden dragon
 58939 | Depths:3 | Killed a golden dragon
 58962 | Depths:3 | Noticed a golden dragon
 58980 | Depths:3 | Killed a golden dragon
 58987 | Depths:3 | Identified the +8 glaive "Xeggih" {flame, rN++ Will+}
 58998 | Depths:3 | Reached XP level 22. HP: 221/226 MP: 31/31
 59045 | Depths:3 | Identified the +2 whip of Zoynoh {holy, rF++ Will- rCorr
                  | Str+3}
 59062 | Depths:3 | Noticed a juggernaut
 59093 | Depths:3 | Killed a juggernaut
 59185 | Depths:3 | Noticed a golden dragon
 59211 | Depths:3 | Killed a golden dragon
 59277 | Depths:3 | Identified the ring of Rationality {rElec rF+ Dex+3 SInv}
 59400 | Depths:3 | Identified the ring "Raimnoiff" {Fire Int+3 Stlth+}
 59618 | Depths:4 | Entered Level 4 of the Depths
 59838 | Depths:4 | Identified the +6 flail "Gesut" {freeze, rC++ MP+9 Stlth+}
 60206 | Depths:4 | Found a hide-covered altar of Uskayaw.
 60496 | Depths:4 | Noticed a golden dragon
 60519 | Depths:4 | Killed a golden dragon
 60580 | Depths:4 | Found a gate to the Realm of Zot.
 61092 | Vaults:2 | Found the +6 Majin-Bo {spellvamp, MP+6 Int+6}
 61929 | Vaults:3 | Reached XP level 23. HP: 237/237 MP: 32/32
 62184 | Vaults:3 | Noticed Mennas
 62226 | Vaults:3 | Killed Mennas
 62343 | Vaults:3 | Found a staircase to the Crypt.
 63181 | Vaults:4 | Reached skill level 15 in Invocations
 64543 | Vaults:5 | Entered Level 5 of the Vaults
 64819 | Vaults:5 | Reached skill level 27 in Fighting
 64886 | Vaults:5 | Reached XP level 24. HP: 249/249 MP: 33/33
 65232 | Vaults:5 | Noticed an ancient lich
 65261 | Vaults:5 | Killed an ancient lich
 65980 | Vaults:5 | Identified the +5 hand axe "Minotaur's Regret" {pain, rElec
                  | Stlth+}
 65980 | Vaults:5 | Identified the ring "Epresa Meaj" {Will+ rCorr}
 66487 | Vaults:5 | Found Jaxur's Antique Armour Shoppe.
 66535 | Vaults:5 | Found Gigadgh's Distillery.
 66549 | Vaults:5 | Got a silver rune of Zot
 66707 | Vaults:5 | Identified the +2 leather armour of Imperfection {Contam
                  | Harm rElec rC+}
 67026 | Depths:3 | Voluntarily entered the Abyss.
 67026 | Abyss:3  | Found a corrupted altar of Lugonu.
 67331 | Abyss:3  | Got an abyssal rune of Zot
 67411 | Depths:3 | Escaped the Abyss
 67535 | Depths:3 | Voluntarily entered the Abyss.
 67763 | Abyss:3  | Noticed an ancient lich
 67774 | Abyss:3  | Killed an ancient lich
 67855 | Depths:3 | Escaped the Abyss
 67890 | Depths:3 | Voluntarily entered the Abyss.
 68092 | Abyss:3  | Found a corrupted altar of Lugonu.
 68258 | Abyss:3  | Found a corrupted altar of Lugonu.
 68319 | Abyss:3  | Noticed a dread lich
 68319 | Abyss:3  | Noticed an ancient lich
 68329 | Abyss:3  | Killed an ancient lich
 68330 | Abyss:3  | Reached XP level 25. HP: 237/257 MP: 33/34
 68334 | Abyss:3  | Killed a dread lich
 69352 | Abyss:3  | Paralysed by accursed screaming for 1 turns
 69605 | Abyss:4  | Found a candlelit altar of Ignis.
 69615 | Abyss:4  | Found a candlelit altar of Ignis.
 69707 | Abyss:4  | Noticed an ancient lich
 69723 | Abyss:4  | Killed an ancient lich
 69781 | Abyss:4  | Found a corrupted altar of Lugonu.
 69784 | Abyss:4  | Noticed an ancient lich
 69799 | Abyss:4  | Killed an ancient lich
 69882 | Abyss:4  | Found a corrupted altar of Lugonu.
 69909 | Abyss:4  | Noticed a dread lich
 69923 | Abyss:4  | Killed a dread lich
 70003 | Abyss:4  | Reached skill level 27 in Dodging
 70033 | Abyss:4  | Found a corrupted altar of Lugonu.
 70555 | Abyss:4  | Found a candlelit altar of Ignis.
 70626 | Abyss:4  | Reached XP level 26. HP: 266/266 MP: 35/35
 70631 | Abyss:4  | Found a candlelit altar of Ignis.
 70724 | Depths:3 | Escaped the Abyss
 70788 | Depths:3 | Voluntarily entered the Abyss.
 71245 | Abyss:4  | Paralysed by accursed screaming for 1 turns
 71285 | Depths:3 | Escaped the Abyss
 71427 | Depths:3 | Voluntarily entered the Abyss.
 71510 | Abyss:4  | Found a corrupted altar of Lugonu.
 71559 | Abyss:4  | Found an ornate altar of the Wu Jian Council.
 71627 | Abyss:4  | Found a corrupted altar of Lugonu.
 71800 | Abyss:4  | Noticed an ancient lich
 71817 | Abyss:4  | Killed an ancient lich
 71869 | Abyss:4  | Paralysed by you for 4 turns
 72073 | Abyss:4  | Reached skill level 27 in Armour
 72673 | Depths:3 | Escaped the Abyss
 72676 | Depths:3 | Voluntarily entered the Abyss.
 72779 | Abyss:4  | Found a corrupted altar of Lugonu.
 72821 | Abyss:4  | Found a corrupted altar of Lugonu.
 72828 | Abyss:4  | Found a corrupted altar of Lugonu.
 73003 | Abyss:4  | Found a corrupted altar of Lugonu.
 73006 | Abyss:4  | Paralysed by you for 3 turns
 73064 | Abyss:4  | Found a huge runed translucent gate.
 73064 | Abyss:4  | Found a huge runed translucent gate.
 73064 | Abyss:4  | Found a huge runed translucent gate.
 73065 | Abyss:4  | Found a huge runed translucent gate.
 73066 | Abyss:4  | Found a huge runed translucent gate.
 73557 | Abyss:4  | Paralysed by accursed screaming for 1 turns
 73564 | Abyss:4  | Paralysed by accursed screaming for 1 turns
 73599 | Abyss:4  | Paralysed by accursed screaming for 1 turns
 73608 | Abyss:4  | Reached XP level 27. HP: 176/273 MP: 36/36
 73861 | Abyss:4  | Paralysed by accursed screaming for 1 turns
 74034 | Abyss:4  | Found a corrupted altar of Lugonu.
 74370 | Abyss:5  | Noticed a dread lich
 74392 | Abyss:5  | Killed a dread lich
 74423 | Depths:3 | Escaped the Abyss
 74484 | Depths:3 | Voluntarily entered the Abyss.
 74595 | Abyss:5  | Found a corrupted altar of Lugonu.
 74603 | Abyss:5  | Found a corrupted altar of Lugonu.
 74757 | Depths:3 | Escaped the Abyss
 74815 | Depths:3 | Voluntarily entered the Abyss.
 74832 | Abyss:5  | Paralysed by accursed screaming for 1 turns
 75179 | Abyss:5  | Paralysed by accursed screaming for 1 turns
 75365 | Abyss:5  | Paralysed by accursed screaming for 2 turns
 75373 | Abyss:5  | Reached skill level 27 in Shields
 75375 | Abyss:6  | Noticed an ancient lich
 75383 | Abyss:6  | Killed an ancient lich
 75541 | Abyss:6  | Reached skill level 1 in Spellcasting
 75623 | Abyss:6  | Noticed an ancient lich
 75626 | Depths:3 | Escaped the Abyss
 75749 | Depths:3 | Voluntarily entered the Abyss.
 75822 | Abyss:6  | Paralysed by accursed screaming for 1 turns
 75885 | Depths:3 | Escaped the Abyss
 76263 | Lair:5   | Found a staircase to the Slime Pits.
 76313 | Slime:1  | Entered Level 1 of the Pits of Slime
 77054 | Elf:3    | You showed the abyssal rune of Zot to enter a treasure
                  | trove
 77055 | Trove    | Entered a treasure trove
 77094 | Trove    | Got Sif Muna's Anthology of Modification and Companions
 77104 | Trove    | Got Sif Muna's Disquisition on Congregated Bruises
 77113 | Trove    | Got Sif Muna's Thoughts on Position and Last Rites
 77475 | Zot:1    | Entered Level 1 of the Realm of Zot
 77754 | Zot:1    | Reached skill level 5 in Spellcasting
 78233 | Zot:2    | Identified the +5 arbalest of Okawaru's Grace {speed, Will+
                  | Str-5 Int+3 Dex+3}
 78410 | Zot:2    | Noticed Grunn
 78418 | Zot:2    | Killed Grunn
 79976 | Zot:4    | Noticed an orb of fire
 79995 | Zot:4    | Killed an orb of fire
 80008 | Zot:4    | Reached skill level 10 in Spellcasting
 80072 | Zot:4    | Learned a level 9 spell: Fire Storm
 80082 | Zot:4    | Learned a level 9 spell: Polar Vortex
 80085 | Zot:4    | Learned a level 2 spell: Blink
 80088 | Zot:4    | Learned a level 2 spell: Passwall
 80092 | Zot:4    | Learned a level 3 spell: Swiftness
 80230 | Zot:4    | Reached skill level 1 in Conjurations
 80230 | Zot:4    | Reached skill level 1 in Fire Magic
 80592 | Zot:5    | Entered Level 5 of the Realm of Zot
 80767 | Zot:5    | Noticed an orb of fire
 80819 | Zot:5    | Noticed an orb of fire
 80842 | Zot:4    | Killed an orb of fire
 80852 | Zot:4    | Killed an orb of fire
 80928 | Zot:5    | Noticed an orb of fire
 80932 | Zot:5    | Found a runed translucent door.
 80935 | Zot:5    | Noticed Valamore's ghost (veteran DsBe)
 80985 | Zot:5    | Killed an orb of fire
 81643 | Zot:5    | Noticed an ancient lich
 81657 | Zot:5    | Killed an ancient lich
 81760 | Zot:5    | Noticed an orb of fire
 81784 | Zot:5    | Killed an orb of fire
 81863 | Zot:5    | Reached skill level 5 in Fire Magic
 81881 | Zot:5    | Reached skill level 5 in Conjurations
 82228 | Hell     | Entered the Vestibule of Hell
 82228 | Hell     | Noticed Geryon
 82261 | Hell     | Killed Geryon
 82713 | Hell     | Found a gateway to the ashen valley of Gehenna.
 82889 | Hell     | Found a gateway to the Iron City of Dis.
 83012 | Hell     | Found a gateway to the freezing wastes of Cocytus.
 83082 | Hell     | Found a gateway to the decaying netherworld of Tartarus.
 83238 | Coc:1    | Entered Level 1 of Cocytus
 83842 | Coc:3    | Paralysed by a wendigo for 1 turns
 84430 | Depths:4 | Voluntarily entered the Abyss.
 84454 | Abyss:6  | Noticed a dread lich
 84480 | Abyss:6  | Killed a dread lich
 84657 | Abyss:6  | Identified the amulet "Poheteg" {RegenMP rF+ MP+9 Str+3}
 84732 | Depths:4 | Escaped the Abyss
 84793 | Depths:4 | Voluntarily entered the Abyss.
 84873 | Abyss:7  | Entered Level 7 of the Abyss
 84878 | Abyss:7  | Paralysed by accursed screaming for 1 turns
 84883 | Depths:4 | Escaped the Abyss
 85016 | Depths:4 | Voluntarily entered the Abyss.
 85016 | Abyss:7  | Entered Level 7 of the Abyss
 85016 | Abyss:7  | Found a corrupted altar of Lugonu.
 85016 | Abyss:7  | Found a corrupted altar of Lugonu.
 85145 | Depths:4 | Escaped the Abyss
 85552 | Pan      | Entered Pandemonium
 85579 | Pan      | Noticed Ommuf the pandemonium lord
 86501 | Pan      | Killed Ommuf the pandemonium lord
 86544 | Pan      | Got a demonic rune of Zot
 86899 | Pan      | Noticed Huotrid the pandemonium lord
 86924 | Pan      | Killed Huotrid the pandemonium lord
 87415 | Pan      | Noticed Woikhox the pandemonium lord
 87449 | Pan      | Killed Woikhox the pandemonium lord
 87496 | Pan      | Identified the +4 flail of Extremism {drain, rPois rCorr
                  | Dex+4}
 88220 | Pan      | Reached skill level 27 in Invocations
 88786 | Pan      | Noticed Bamuf the pandemonium lord
 88807 | Pan      | Killed Bamuf the pandemonium lord
 88844 | Pan      | Got the Precepts of White Clay
 88863 | Pan      | Found an exit through the horrors of the Abyss.
 89295 | Pan      | Found a transporter.
 89299 | Pan      | Entered the realm of Gloorx Vloq.
 89310 | Pan      | Noticed Gloorx Vloq
 89342 | Pan      | Reached skill level 10 in Conjurations
 89342 | Pan      | Reached skill level 10 in Fire Magic
 89710 | Pan      | Got a dark rune of Zot
 89925 | Pan      | Entered the realm of Lom Lobon.
 90558 | Pan      | Identified the +5 ring mail "Tuacak" {Str+2}
 90598 | Pan      | Noticed Lom Lobon
 90623 | Pan      | Killed Lom Lobon
 90695 | Pan      | Got a magical rune of Zot
 90992 | Pan      | Entered the realm of Mnoleg.
 91054 | Pan      | Noticed Mnoleg
 91085 | Pan      | Killed Mnoleg
 91172 | Pan      | Got a glowing rune of Zot
 91363 | Pan      | Noticed Ignacio
 91374 | Pan      | Killed Ignacio
 91505 | Pan      | Entered the realm of Cerebov.
 91842 | Pan      | Identified the +1 sling "Teiz" {flame, rC- MP+9 Stlth+}
 92126 | Pan      | Identified the ring of Fixation {+Blink rCorr}
 92137 | Pan      | Identified the +7 hand axe of Reoshrula {vamp, rC- Str+4}
 92140 | Pan      | Identified the +0 cloak of the Original Sin {Harm +Blink
                  | Int-5}
 92171 | Pan      | Identified the ring of Ehofuinn {rF+ MP+9 Str+4 SInv
                  | Stlth-}
 92309 | Pan      | Identified the ring of Keubeaba {rF++ rC+ Int-3 Slay+5
                  | SInv}
 92313 | Pan      | Identified the +5 long sword "Worm" {flame, rF- Str+7}
 92372 | Pan      | Identified the +3 chain mail of Impermeability {Str+4 Int+4
                  | Dex-2 Stlth+}
 92452 | Pan      | Identified the ring of Hosmehist {Ice Will+}
 92455 | Pan      | Identified the +1 shortbow of Foolhardiness {freeze, rN+
                  | Str+2 Int+3 Dex+3}
 92667 | Pan      | Found the +6 sword of Cerebov {flame}
 92667 | Pan      | Noticed Cerebov
 92713 | Pan      | Killed Cerebov
 92729 | Pan      | Identified the +0 fire dragon scales of Kapesige {rF++ rC-
                  | Str+5 Dex+2 Stlth-}
 92854 | Pan      | Got a fiery rune of Zot
 93060 | Depths:2 | Escaped Pandemonium
 93200 | D:14     | Bought a potion of heal wounds for 75 gold pieces
 93200 | D:14     | Bought a potion of haste for 150 gold pieces
 93200 | D:14     | Bought a potion of curing for 45 gold pieces
 93491 | Shoals:2 | Killed Roxanne
 93762 | Snake:3  | Killed SkeletonJelly's ghost
 93777 | Snake:3  | Identified the ring of Tikhex {rElec rF+++ AC+4 Int-5
                  | Stlth+}
 94301 | Vaults:5 | Bought a potion of curing for 54 gold pieces
 94301 | Vaults:5 | Bought 2 potions of curing for 108 gold pieces
 94301 | Vaults:5 | Bought a potion of haste for 180 gold pieces
 95313 | Slime:2  | Reached skill level 15 in Spellcasting
 96185 | Slime:5  | Entered Level 5 of the Pits of Slime
 96555 | Slime:5  | Found a viscous altar of Jiyva.
 96648 | Slime:5  | Noticed the Royal Jelly
 96670 | Slime:5  | Killed the Royal Jelly
 96912 | Slime:5  | Got a slimy rune of Zot
 96947 | Slime:5  | Identified the ring of Gaintewk {Fly rPois rC- MP+9}
 96965 | Slime:5  | Identified the +0 ring mail of Golden Intercession {+Inv
                  | rC- Will+}
 96995 | Slime:5  | Identified the +9 scimitar of Vuzuiwk {holy, Drain Dex+2
                  | Stlth+}
 97002 | Slime:5  | Found the ring of the Mage {Wiz Archmagi}
 97014 | Slime:5  | Identified the +10 rapier of the Priest {freeze, rF- MP+9
                  | Dex+3}
 98237 | Crypt:1  | Entered Level 1 of the Crypt
 98307 | Crypt:1  | Found a basalt altar of Yredelemnul.
 99036 | Crypt:2  | Noticed Sojobo
 99057 | Crypt:2  | Killed Sojobo
 99440 | Crypt:2  | Found a basalt altar of Yredelemnul.
 99447 | Crypt:2  | Noticed Vv
 99498 | Crypt:2  | Killed Vv
 99770 | Crypt:3  | Entered Level 3 of the Crypt
100234 | Crypt:3  | Found an ancient bone altar of Kikubaaqudgha.
100235 | Crypt:3  | Found a basalt altar of Yredelemnul.
100320 | Crypt:3  | Found the +5 scythe "Finisher" {speed, eviscerate}
100425 | Crypt:3  | Found a staircase to the Tomb.
100788 | Tomb:1   | Entered Level 1 of the Tomb of the Ancients
101350 | Tomb:1   | Noticed a royal mummy
101354 | Tomb:1   | Noticed a royal mummy
101354 | Tomb:1   | Noticed a royal mummy
101898 | Dis:1    | Entered Level 1 of the Iron City of Dis
102476 | Geh:1    | Entered Level 1 of Gehenna
102511 | Tar:1    | Entered Level 1 of Tartarus
102763 | Zot:5    | Got the Orb of Zot
102961 | Depths:4 | Noticed Yrho the pandemonium lord
102985 | Depths:4 | Noticed a seraph
102999 | Depths:3 | Killed Yrho the pandemonium lord
103540 | D:$      | Escaped with the Orb!

Illustrated notes

Levels and vault maps discovered:
D:1:      erik_arrival_orb_chamber, layout_basic, chequers_serial_rivers_room_a
D:2:      layout_loops_ring, basic_ecumenical_altar
D:3:      layout_rooms, chequers_serial_rivers_small_a, uniq_sigmund,
          uniq_jessica
D:4:      layout_rooms, kennysheep_generic_room_12, uniq_pikel
D:5:      layout_basic, minmay_temple_entry_mini_moons, uniq_ijyb
D:6:      layout_rooms, ebering_ghost_sewer_f, minmay_misc_feat_rugged,
          minmay_misc_feat_tower
D:7:      layout_basic, serial_demonic, serial_demonic_b, serial_demonic_d,
          serial_demonic_e, serial_demonic_a, serial_demonic_c,
          serial_demonic_e, uniq_crazy_yiuf_cottage
D:8:      cheibrodos_grave_circle, layout_gridville,
          mainiacjoe_overflow_large_starburst, nzn_ghost_randoct
D:9:      layout_loops_cross, hellmonk_lair_entry_icy, serial_shops,
          nicolae_shop_window_shopping, hellmonk_ghost_happy_afterlife,
          nicolae_shop_clearance
D:10:     layout_irregular_city, grunt_decor_cap, uniq_nergalle
D:11:     layout_basic, david_orc_3, minivault_16, elyvilon_altar_1
D:12:     layout_roguey, minmay_strange_pillars, hex_medium
D:13:     cheibrodos_breeding_chamber, layout_long_grid, minmay_holes,
          uniq_sonja
D:14:     layout_long_grid, david_vaults_5, nicolae_ru_sacrificial_ziggurat,
          serial_shops, nicolae_diamond_shop, st_stairs_14
D:15:     grunt_enter_depths_snipers, layout_long_grid, nicolae_sextant,
          serial_shops, nicolae_shop_waterfront
Temple:   mainiacjoe_temple_cubbyholes
Lair:1:   layout_small_grid, ebering_ghost_reflecting_pool,
          dreamdust_mushroom_princess
Lair:2:   layout_chaotic_city
Lair:3:   dragon1_lemuel, layout_chaotic_city, nicolae_shoals_entry_roost,
          nicolae_snake_entry_squirm, grunt_megastairs_2
Lair:4:   layout_cave_pods, gammafunk_ghost_cemetery, grunt_megastairs_5
Lair:5:   evilmike_catoblepas_cave, layout_hall_layers,
          minmay_slime_entry_oklob_enclosed, nicolae_lair_lindhole
Shoals:1: layout_shoals, nicolae_shoals_so_close
Shoals:2: layout_shoals, uniq_roxanne
Shoals:3: layout_shoals, nicolae_shoals_land_atoll,
          nicolae_shoals_kraken_intersection
Shoals:4: shoals_end_hellmonk_storm_palace [storm_palace_center_square,
          storm_palace_corner_pillars, storm_palace_corner_reverse_hut,
          storm_palace_corner_grid, storm_palace_corner_pillars],
          uniq_polyphemus, uniq_mara
Snake:1:  layout_cave_pods, special_room, portal_ice_cave_entry_frozen_things,
          basic_altar, minmay_shop_star, serial_bayou_shore_b, uniq_aizul,
          uniq_jorgrun, uniq_frances, uniq_mlioglotl, uniq_josephine
Snake:2:  nicolae_snake_crotalidae_crossing, layout_gridlike, evilmike_ambush
          [evilmike_ambush_outer_corners, evilmike_ambush_inner_basic],
          serial_bayou_shore_a
Snake:3:  layout_grid_shapes, gammafunk_ghost_berserking_beasts, uniq_azrael
Snake:4:  snake_pit, layout_grid_shapes, basic_altar, uniq_saint_roka,
          uniq_asterion, uniq_kirke
Slime:1:  layout_caves
Slime:2:  layout_caves
Slime:3:  layout_caves, nicolae_slime_rock_hall_of_fame
Slime:4:  layout_caves
Slime:5
Orc:1:    layout_diamond_mine, sword_in_stone, uniq_erica
Orc:2:    grunt_orc_cross, layout_diamond_mine
Elf:1:    layout_gridlike, serial_shops, nicolae_shop_crystal, orc_legates,
          uniq_louise
Elf:2:    elven_hall_of_blades_hangedman_alternative
          [nicolae_blade_entry_pointy_end], layout_gridlike
Elf:3:    elf_hall, layout_onion_city, gammafunk_ghost_cemetery,
          nicolae_trove_entry_free_sample, serial_shops, shop,
          evilmike_spriggan_trog_shrine
Vaults:1: infiniplex_enter_wizlab_glasses,
          nicolae_vaults_windows_and_doors_thing,
          nicolae_vaults_fighting_squares, hangedman_vaults_nails, v_pattern_2,
          vaults_room_pools, hangedman_vaults_restitches, vaults_dpeg_doors,
          nicolae_vaults_asterisk, vaults_mumra_hex,
          ontoclasm_vaults_ring_small, nicolae_vaults_network_barrier,
          vaults_dpeg_encased_lava, layout_vaults_omnibox, serial_shops,
          nicolae_shop_waterfront, uniq_donald
Vaults:2: nicolae_vaults_yaktaur_gun_rack, st_smaller_cells,
          hangedman_vaults_unwind, vaults_room_door_ring,
          hangedman_vaults_slice, grunt_vaults_funnel, v_misc_14,
          vaults_dpeg_hooks, vaults_dpeg_diagonal,
          ontoclasm_vaults_decontamination, layout_vaults_big_room
Vaults:3: vaults_room_stairs_pillars, dpeg_vaults_monster_box,
          minmay_crypt_entry_simple_plaza, nicolae_vaults_bisected_exclaves,
          hangedman_vaults_capsules, nicolae_vaults_little_squares_3,
          grunt_vaults_diagonal, v_misc_18, nicolae_vaults_ring_of_whatevers,
          nicolae_vaults_triangles, v_pattern_4, vaults_room_glass_cross,
          nicolae_vaults_little_squares_6, v_misc_23, layout_vaults_maze_bifur,
          uniq_mennas
Vaults:4: vaults_standard_mumra_lines, v_misc_4,
          vaults_room_hangedman_quadrants, ontoclasm_vaults_spin, v_misc_22,
          hangedman_vaults_stagger, vaults_mumra_lcd, v_misc_5,
          nicolae_vaults_little_squares_1, layout_vaults_quadrants
Vaults:5
Crypt:1:  layout_regular_city, basic_altar, palyth_stone_intersect,
          serial_sigils_hangedman_stare, grunt_crypt_arrival_webbed
Crypt:2:  layout_gridlike, basic_altar, uniq_vv, uniq_sojobo
Crypt:3:  lightli_unholy_cathedral, layout_chaotic_city,
          tomb_entry_forgotten_bobbens, minmay_misc_feat_five, minivault_4,
          hex_large, nicolae_crypt_ancient_font, minivault_11
Tomb:1
Depths:1: layout_forbidden_donut, enter_ziggurat_d, nemelex_altar_shiori,
          pf_coc_iceberg, nicolae_water_bricks, serial_sigils_hangedman_quiver,
          nicolae_gozag_seed_capital, serial_bayou_shore_b
Depths:2: grunt_x_marks_the_spot, layout_cave_pools,
          chequers_serial_rivers_micro_a, pan_entry, hell_entry,
          serial_bayou_shore_b, uniq_nikola
Depths:3: lemuel_traditional_vault, layout_gridlike, serial_shops, shop,
          hell_entry, hangedman_abyss_or_decor_lesser_grid,
          abyss_entry_flame_altar, hangedman_summoners_spam
Depths:4: evilmike_zot_entry_gauntlet, layout_long_grid,
          nicolae_uskayaw_en_pointe, abyss_entry, hell_entry, drop_trap,
          minmay_crystal_water
Hell
Dis:1:    layout_subdivisions
Dis:2:    layout_regular_city
Geh:1:    layout_gehenna_pools_box
Coc:1:    layout_ice_bergs
Coc:2:    layout_cocytus_delve
Coc:3:    layout_cocytus_delve
Coc:4:    layout_cocytus_water_paths
Coc:5:    layout_cocytus_water_paths
Tar:1:    layout_honeycomb, nicolae_tar_cuneiform_city,
          nicolae_tar_cuneiform_oil, nicolae_tar_cuneiform_not
Zot:1:    layout_cellular_growth, lemuel_baited_zot_trap, bh_zot_lava_cross,
          grunt_ministairs_15
Zot:2:    layout_basic, st_stairs_10, uniq_grunn
Zot:3:    layout_twisted_circle
Zot:4:    kennysheep_blocky_room, layout_onion, uniq_josephina
Zot:5:    layout_misc_corridors, gammafunk_ghost_grave, skrybe_zot_glass_3

Skill      XL: |  1  2  3  4  5  6  7  8  9 10 11 12 13 14 15 16 17 18 19 20 21 22 23 24 25 26 27 |
---------------+----------------------------------------------------------------------------------+-----
Dodging        | 1 2 4 6 7 9 10 13 16 18 19 20 21 22 23 24 25 26 27 | 27.0
Fighting       | 4 5 6 7 9 10 12 15 17 20 21 22 23 24 25 26 27 | 27.0
Shields        | 4 7 10 12 14 15 16 18 19 20 22 24 27 | 27.0
Maces & Flails | 3 4 5 7 8 10 12 13 14 | 14.0
Armour         | 4 5 6 7 9 10 12 13 15 16 17 19 20 21 22 23 25 26 27 | 27.0
Invocations    | 4 6 8 9 10 12 13 14 15 17 18 20 27 | 27.0
Axes           | 5 8 10 | 10.6
Spellcasting   | 15 | 15.7
Conjurations   | 14 | 14.6
Fire Magic     | 14 | 14.6

Action                     |  1- 3 |  4- 6 |  7- 9 | 10-12 | 13-15 | 16-18 | 19-21 | 22-24 | 25-27 || total
---------------------------+-------+-------+-------+-------+-------+-------+-------+-------+-------++-------
  Melee: Flail             |    49 |    89 |   119 |       |       |       |       |       |       ||   257
         Headbutt          |     5 |    18 |    72 |   242 |   382 |   439 |   738 |   832 |  2622 ||  5350
         Mace              |       |       |   195 |   729 |    78 |       |       |       |       ||  1002
         Morningstar       |       |       |       |       |   687 |       |       |       |       ||   687
         Whip              |       |       |       |       |    71 |       |       |       |       ||    71
         Hand axe          |       |       |       |       |   273 |   655 |       |       |       ||   928
         Sacred scourge    |       |       |       |       |       |   551 |  2391 |  2295 |  7217 || 12454
         Unarmed           |       |       |       |       |       |     1 |       |       |       ||     1
  Throw: Throwing net      |       |       |       |       |       |       |     1 |       |     1 ||     2
 Invoke: Divine Shield     |       |       |       |     1 |     4 |     7 |       |       |       ||    12
         Summon Divine War |       |       |       |       |       |     1 |       |       |       ||     1
         Brand Weapon With |       |       |       |       |       |     1 |       |       |       ||     1
         Recite            |       |       |       |       |       |     1 |    20 |    34 |    85 ||   140
         Vitalisation      |       |       |       |       |       |       |    12 |     4 |    24 ||    40
  Evoke: Wand              |       |       |       |       |       |       |     1 |       |       ||     1
    Use: Scroll            |     3 |       |    11 |    15 |     6 |     3 |     6 |     3 |    31 ||    78
         Potion            |       |       |     2 |       |     3 |       |     6 |       |     8 ||    19
   Stab: Invisible         |       |       |       |       |       |       |    53 |    26 |    29 ||   108
         Confused          |       |       |       |       |       |       |    10 |    35 |    57 ||   102
         Petrified         |       |       |       |       |       |       |     5 |       |       ||     5
         Paralysed         |       |       |       |       |       |       |       |    12 |    23 ||    35
         Distracted        |       |       |       |       |       |       |       |       |     7 ||     7
         Held in net/web   |       |       |       |       |       |       |       |       |     1 ||     1
 Armour: Scale mail        |    13 |       |       |       |       |       |       |       |       ||    13
         Plate armour      |    22 |    47 |   274 |   381 |   638 |   366 |   523 |     5 |       ||  2256
         Gold dragon scale |       |       |       |       |       |       |       |   540 |  1454 ||  1994
  Dodge: Dodged            |    20 |    33 |   141 |   233 |   620 |   547 |   974 |   992 |  3230 ||  6790
         Repelled          |       |       |       |     1 |     8 |       |       |       |       ||     9
  Block: Buckler           |    12 |    13 |   126 |   186 |   375 |    56 |       |       |       ||   768
         Tower shield      |       |       |       |       |       |   925 |  2033 |  1770 |  6129 || 10857
         Kite shield       |       |       |       |       |       |    40 |       |       |       ||    40
         Reflection        |       |       |       |       |       |    83 |     9 |       |       ||    92

Table legend: (Time is in decaauts)
 A = Elapsed time spent in this place.
 B = Non-inter-level travel time spent in this place.
 C = Inter-level travel time spent in this place.
 D = Time resting spent in this place.
 E = Time spent auto-exploring this place.
 F = Levels seen in this place.
 G = Mean time per level.
                   A        B        C        D        E       F      G
               +--------+--------+--------+--------+--------+-----+--------+
         Total |  98916 |  85468 |  13448 |  13331 |  47289 |  99 |  999.2 |
       Dungeon |  20763 |  15369 |   5394 |   1790 |  10133 |  15 | 1384.2 |
        Temple |    234 |    144 |     90 |      0 |    142 |   1 |  234.0 |
          Lair |   9821 |   7723 |   2098 |    967 |   5282 |   5 | 1964.2 |
        Shoals |   3847 |   3403 |    444 |    145 |   1921 |   4 |  961.8 |
     Snake Pit |   8692 |   7484 |   1208 |   1989 |   3956 |   4 | 2173.0 |
    Slime Pits |   2472 |   2352 |    120 |    175 |   1436 |   5 |  494.4 |
  Orcish Mines |   2682 |   2419 |    263 |    731 |   1118 |   2 | 1341.0 |
   Elven Halls |   3941 |   3662 |    279 |    540 |   2030 |   3 | 1313.7 |
        Vaults |   9295 |   8321 |    974 |    896 |   5118 |   5 | 1859.0 |
         Crypt |   2443 |   2301 |    142 |      0 |   1774 |   3 |  814.3 |
          Tomb |    614 |    584 |     30 |    107 |    249 |   1 |  614.0 |
        Depths |  10549 |   8923 |   1626 |   3334 |   3253 |   4 | 2637.2 |
          Hell |   1211 |   1053 |    158 |    374 |    336 |   1 | 1211.0 |
           Dis |    504 |    491 |     13 |    300 |    127 |   2 |  252.0 |
       Gehenna |      1 |      1 |      0 |      0 |      0 |   1 |    1.0 |
       Cocytus |   1008 |    811 |    197 |      0 |    449 |   5 |  201.6 |
      Tartarus |      1 |      1 |      0 |      0 |      0 |   1 |    1.0 |
           Zot |   4479 |   4070 |    409 |    146 |   2486 |   5 |  895.8 |
         Abyss |   7986 |   7986 |      0 |    678 |   2835 |  17 |  469.8 |
   Pandemonium |   6933 |   6933 |      0 |    589 |   4178 |  13 |  533.3 |
         Trove |     78 |     78 |      0 |      0 |      6 |   1 |   78.0 |
      Ice Cave |   1351 |   1351 |      0 |    568 |    455 |   1 | 1351.0 |
               +--------+--------+--------+--------+--------+-----+--------+

Top non-repeatable levels by time:
Depths:1: 4449 daAuts
 Abyss:4: 3540 daAuts
    D:15: 3085 daAuts
 Abyss:3: 2929 daAuts
 Snake:2: 2892 daAuts
Vaults:1: 2627 daAuts
Depths:3: 2468 daAuts
 Snake:1: 2433 daAuts
Depths:4: 2352 daAuts
    D:11: 2296 daAuts
  Lair:4: 2261 daAuts
Vaults:4: 2245 daAuts
    D:13: 2164 daAuts
  Lair:2: 2149 daAuts
  Lair:5: 2023 daAuts
